 Dungeon Crawl Stone Soup version 0.18-a0-1229-ge9a1a01 (webtiles) character file.

22 MrRokkomies the Conjurer (level 2, -10/17 HPs)
             Began as an Octopode Conjurer on Feb 4, 2016.
             Mangled by Terence
             ... wielding a +2 flail of crushing
              (13 damage)
             ... on level 2 of the Dungeon.
             The game lasted 00:02:43 (1361 turns).

MrRokkomies the Conjurer (Octopode Conjurer)        Turns: 1361, Time: 00:02:43

Health: -10/17     AC:  1    Str:  7    XL:     2   Next: 91%
Magic:  1/5        EV: 12    Int: 17    God:
Gold:   40         SH:  0    Dex: 12    Spells: 1 memorised, 4 levels left

rFire  . . .     SeeInvis .     g - +1 dagger
rCold  . . .     Gourm    .     (no shield)
rNeg   . . .     Faith    .     (helmet restricted)
rPois  .         Spirit   .     j - amulet of inaccuracy (curse)
rElec  .         Dismiss  .     (no ring)
rCorr  .         Reflect  .     (no ring)
SustAt .         Harm     .     (no ring)
MR     .....                    (no ring)
Stlth  +++.......               (no ring)
                                (no ring)
                                (no ring)
                                (no ring)

@: not resistant to hostile enchantments, fairly stealthy
A: almost no armour, amphibious, 8 rings, constrict 8, camouflage 1, gelatinous
body 1
a: no special abilities


You were on level 2 of the Dungeon.
You were hungry.

You visited 1 branch of the dungeon, and saw 2 of its levels.

You collected 40 gold pieces.

Inventory:

Hand Weapons
 g - a +1 dagger (weapon)
Missiles
 c - 16 poisoned needles
Jewellery
 j - a cursed amulet of inaccuracy (around mantle)
Potions
 d - a potion of might {unknown}
Books
 a - a book of Conjurations

   Spells                             Type                      Level
   a - Magic Dart                     Conjuration                  1
   b - Searing Ray                    Conjuration                  2
   c - Dazzling Spray                 Conjuration/Hexes            3
   d - Fulminant Prism                Conjuration/Hexes            4
   e - Iskenderun's Mystic Blast      Conjuration                  4
   f - Iskenderun's Battlesphere      Conjuration/Charms           5
Comestibles
 b - a bread ration
 f - 2 meat rations


   Skills:
 - Level 2.0 Dodging
 - Level 2.6 Stealth
 - Level 2.0 Spellcasting
 * Level 4.8 Conjurations


You had 4 spell levels left.
You knew the following spells:

 Your Spells              Type           Power        Failure   Level  Hunger
a - Magic Dart            Conj           ###.         2%          1    #......


Dungeon Overview and Level Annotations

Branches:
Dungeon (2/15)

Altars:

Annotations:
D:2 Terence


Innate Abilities, Weirdness & Mutations

You cannot wear most types of armour.
You are amphibious.
You can wear up to eight rings at the same time.
You can use your tentacles to constrict eight enemies at once.
Your skin changes colour to match your surroundings (Stealth).
Your rubbery body absorbs attacks (AC +1).


Message History

You hit Terence but do no damage.
Terence is severely wounded.
You constrict Terence, but do no damage.
Terence closely misses you.
You hit Terence but do no damage.
Terence is severely wounded.
You constrict Terence, but do no damage.
Terence barely misses you.
You hit Terence but do no damage.
Terence is severely wounded.
You constrict Terence, but do no damage.
You completely miss Terence.
Terence is severely wounded.
You constrict Terence. Terence barely misses you.
You hit Terence.
Terence is severely wounded.
You constrict Terence.
Terence hits you with a flail of crushing!
Ouch! That really hurt!
You die...

.........#
.........#
.........#
.........#
.........#
.........######
..............# #@#
....
###########@#.....
#......<..........#
..........>........
#.###.P..##########
..............#
....88.P......#
#..............#
#..............#
#..............#


You could see Terence.

Vanquished Creatures
  3 goblins (D:1)
  2 jackals (D:1)
  7 bats
  2 giant newts (D:1)
  5 kobolds (D:1)
  5 rats (D:1)
24 creatures vanquished.

Notes
Turn   | Place    | Note
--------------------------------------------------------------
     0 | D:1      | MrRokkomies the Octopode Conjurer began the quest for the Orb.
     0 | D:1      | Reached XP level 1. HP: 11/11 MP: 3/3
   224 | D:1      | Reached XP level 2. HP: 7/17 MP: 5/5
  1346 | D:2      | Noticed Terence
  1361 | D:2      | Mangled by Terence

Vault maps used:
D:1:      minmay_arrival_split_and_join, hex_large
D:2:      serial_undead, serial_undead_d, serial_undead_c, serial_undead_b,
          serial_undead_e, nemelex_lonely_heart_becter, uniq_natasha,
          uniq_terence

Action                   || total
-------------------------++-------
Melee: Unarmed           ||    20
       Dagger            ||    45
 Cast: Magic Dart        ||    11
  Use: Scroll            ||     3
 Stab: Sleeping          ||     4
  Eat: Chunk             ||     1
